cohdb
Replays
Latest Replays
All Replays
Popular Replays
Top Player Replays
Match Explorer
How It Works
Community
CoH3 Stats
Reddit
Sign in to upload your games and track your stats! →
Sign in with Steam
Match 44355870
Unlisted
Match 44355870
Overview
Messages
Build Orders
End
Construct Section Command Post
Selects Canadian Shock Battlegroup
Dingo Light Scout Car
Dingo Light Scout Car
Dingo Light Scout Car
Selects Offensive Resupply
Selects Canadian Shock Section
Canadian Shock Section
Construct Platoon Command Post
Canadian Shock Section
Canadian Shock Section
6-pounder Anti-tank Gun Team
Selects Incendiary Munitions
Selects Pyrotechnics
J. Pickering
Unusualsoupcan
Hootch
Cisne
Fsihbone
DanooDan
lengfeng988
求你了别站起来蹬她
0
0
Comments
sign in to comment!
No comments posted yet!